 Dungeon Crawl Stone Soup version 0.22-a0-439-gac93bac (webtiles) character file.

450 Borgoz the Ducker (level 7, -1/58 HPs)
             Began as a Ghoul Gladiator on May 29, 2018.
             Slain by a gnoll (4 damage)
             ... on level 4 of the Dungeon.
             The game lasted 00:05:18 (3625 turns).

Borgoz the Ducker (Ghoul Gladiator)                 Turns: 3625, Time: 00:05:18

Health: -1/58      AC:  4    Str: 18      XL:     7   Next: 4%
Magic:  6/6        EV: 13    Int:  3      God:
Gold:   169        SH:  0    Dex: 10 (12) Spells: 6/6 levels left

rFire    . . .     SeeInvis .     - Unarmed
rCold    + . .     Gourm    .   (no shield)
rNeg     + + +     Faith    .   a - +0 leather armour
rPois    ∞         Spirit   .   b - +0 helmet
rElec    .         Reflect  .   q - scarf {repulsion}
rCorr    .         Harm     .   (no gloves)
MR       .....                  (no boots)
Stlth    +.........             (no amulet)
HPRegen  0.00/turn              (no ring)
MPRegen  0.10/turn              (no ring)

@: rotting, repel missiles
A: rotting body, claws 1, carnivore, cold resistance 1, negative energy
resistance 3, inhibited regeneration, torment resistance, unbreathing
a: no special abilities


You were on level 4 of the Dungeon.
You were not hungry.

You visited 1 branch of the dungeon, and saw 5 of its levels.

You collected 169 gold pieces.

Inventory:

Missiles
 c - 4 throwing nets (quivered)
Armour
 a - a +0 leather armour (worn)
 b - a +0 helmet (worn)
 i - +0 fire dragon scales
 o - a +0 plate armour
 q - a scarf of repulsion (worn)
Jewellery
 k - an uncursed ring of ice
Wands
 p - a wand of paralysis (11)
Scrolls
 e - a scroll of fog {unknown}
 g - a scroll of identify {unknown}
 h - 2 scrolls of teleportation
 j - 3 scrolls of remove curse
 r - a scroll of magic mapping {unknown}
 s - a scroll of random uselessness {unknown}
Potions
 f - a potion of magic
 m - a potion of haste
Comestibles
 d - 11 rations


   Skills:
 + Level 3.7 Fighting
 - Level 1.7 Throwing
 * Level 3.4 Armour
 * Level 4.6 Dodging
 + Level 4.5 Unarmed Combat


You had 6 spell levels left.
You didn't know any spells.
Your spell library was empty.

Dungeon Overview and Level Annotations

Branches:
Dungeon (5/15)
 Temple: D:4-7

Altars:
Nemelex Xobeh
Zin

Annotations:
D:3 1 runed door
D:4 pyroka's ghost, amateur DsVM


Innate Abilities, Weirdness & Mutations

Your body is rotting away.
You thrive on raw meat.
You are immune to poison.
You have sharp fingernails.
You are carnivorous and can eat meat at any time.
Your flesh is cold resistant. (rC+)
You are immune to negative energy. (rN+++)
You do not regenerate when monsters are visible.
You are immune to unholy pain and torment.
You can survive without breathing.


Message History

You claw the gnoll!
You kill the gnoll!
Unknown command.
You barely miss the gnoll. The gnoll barely misses you.
You scratch the gnoll.
The gnoll is moderately wounded.
The gnoll hits you!
* * * LOW HITPOINT WARNING * * *
You scratch the gnoll.
The gnoll is heavily wounded.
The gnoll hits you.
* * * LOW HITPOINT WARNING * * *
Okay, then.
You scratch the gnoll. You claw the gnoll.
The gnoll is severely wounded.
The gnoll barely misses you.
You barely miss the gnoll.
The gnoll is severely wounded.
The gnoll hits you.
You die...

'######.##'###########
.######+##.###..###..#
.....#..........#...?#
.....#..........#....#
.....#..........#....#
###..##..####...##...#
..#####..####...##...#
..'..#..........##...#
..#..#..........@g.).#
..#..##..#########..>#
######## #...# #...#
#...# #####


You could see a gnoll.

Vanquished Creatures
  The ghost of Galewind the Magician, an amateur DEIE (D:3)
  A crimson imp (D:2)
  A hound (D:4)
  2 orc wizards
  A quasit (D:3)
  A worker ant (D:4)
  3 gnolls (D:4)
  7 adders
  A dart slug (D:2)
  6 leopard geckos
  4 orcs
  7 bats
  3 giant cockroaches
  11 goblins
  6 hobgoblins
  6 jackals (D:1)
  A frilled lizard (D:1)
  6 kobolds
  5 rats
73 creatures vanquished.

Notes
Turn   | Place    | Note
-------+----------+-------------------------------------------
     0 | D:1      | Borgoz the Ghoul Gladiator began the quest for the Orb.
     0 | D:1      | Reached XP level 1. HP: 17/17 MP: 0/0
   231 | D:1      | Reached XP level 2. HP: 25/25 MP: 1/1
   384 | D:1      | Reached skill level 1 in Armour
   553 | D:1      | Found a sparkling altar of Nemelex Xobeh.
   656 | D:1      | Reached XP level 3. HP: 30/30 MP: 2/2
  1419 | D:2      | Reached XP level 4. HP: 36/36 MP: 3/3
  1875 | D:3      | Reached XP level 5. HP: 8/44 MP: 4/4
  2267 | D:3      | Noticed Galewind's ghost (amateur DEIE)
  2283 | D:3      | Found a runed door.
  2283 | D:3      | Found a glowing silver altar of Zin.
  2283 | D:3      | Noticed an angel
  2594 | D:3      | Killed Galewind's ghost
  2594 | D:3      | Reached XP level 6. HP: 37/51 MP: 5/5
  3245 | D:4      | Noticed pyroka's ghost (amateur DsVM)
  3578 | D:5      | Entered Level 5 of the Dungeon
  3616 | D:4      | Reached XP level 7. HP: 21/58 MP: 6/6
  3625 | D:4      | Slain by a gnoll

Vault maps used:
D:1:      dpeg_arrival_three_same_balls, nemelex_diamond_rough_becter
D:3:      first_ration, grunt_decor_mini_mirrors, lemuel_angel_altar
D:5:      overflow_temple_1_default, dancing_weapons_uskayaw,
          minmay_temple_entry_junction, serial_shops, nicolae_shop_stone,
          uniq_ijyb, uniq_pikel

Skill      XL: |  1  2  3  4  5  6 |
---------------+-------------------+-----
Armour         | 1 2 3 |  3.4
Dodging        | 3 4 |  4.6
Fighting       | 3 |  3.7
Unarmed Combat | 4 |  4.5
Throwing       | |  1.7

Action                   |  1- 3 |  4- 6 |  7- 9 || total
-------------------------+-------+-------+-------++-------
Melee: Unarmed           |   109 |   206 |     8 ||   323
       Punch             |       |     3 |     1 ||     4
  Use: Potion            |       |     6 |       ||     6
       Scroll            |       |     2 |       ||     2
  Eat: Chunk             |     6 |    16 |       ||    22
Armor: Leather armour    |    31 |    67 |       ||    98
Dodge: Dodged            |    77 |   155 |     2 ||   234
       Deflected         |       |     1 |       ||     1

Table legend:
 A = Spawn XP
 B = Non-spawn XP
 C = Spawn XP percentage of total XP
 D = Spawn monster count
 E = Non-spawn monster count
 F = Spawn count percentage of total count
 G = Total turns spent on level
                    A         B        C        D         E        F      G
               +---------+---------+-------+---------+---------+-------+---------
         Total |       0 |     643 |   0.0 |       0 |      73 |   0.0 |  3625
               +---------+---------+-------+---------+---------+-------+---------
           D:1 |       0 |      47 |   0.0 |       0 |      24 |   0.0 |  1104
           D:2 |       0 |     117 |   0.0 |       0 |      19 |   0.0 |   718
           D:3 |       0 |     286 |   0.0 |       0 |      20 |   0.0 |  1318
           D:4 |       0 |     193 |   0.0 |       0 |      10 |   0.0 |   481
               +---------+---------+-------+---------+---------+-------+---------
